 Dungeon Crawl Stone Soup version 0.28-a0-1234-g826d19b2e0 (webtiles) character file.

Game seed: 861587699845700605

16152 sanka the Blocker (level 12, -3/97 HPs)
             Began as a Gnoll Fighter on Dec 23, 2021.
             Was the Champion of Okawaru.
             Slain by a bog body (13 damage)
             ... on level 2 of the Lair of Beasts.
             The game lasted 00:21:59 (10228 turns).

sanka the Blocker (Gnoll Fighter)                  Turns: 10228, Time: 00:22:02

Health: -3/97      AC: 28    Str: 18    XL:     12   Next: 34%
Magic:  21/22      EV: 22    Int: 11    God:    Okawaru [******]
Gold:   614        SH:  0    Dex: 17    Spells: 18/25 levels left

rFire   . . .      SeeInvis .   b - +5 great mace of Defiance {protect, rPois rN+}
rCold   . . .      Faith    .   (shield currently unavailable)
rNeg    + . .      Spirit   .   I - +4 ring mail {Will+}
rPois   +          Reflect  .   j - +0 helmet
rElec   .          Harm     .   W - +2 cloak
rCorr   .          Rampage  .   (no gloves)
Will    +....                   f - +2 pair of boots {Stlth+}
Stlth   ++++++....              F - amulet of regeneration
HPRegen 1.06/turn               X - +4 ring of evasion
MPRegen 0.18/turn               k - +6 ring of dexterity

@: heroic, under a protective aura, slowed, very slow
A: fangs 1, strong nose, distributed training
a: Renounce Religion, Heroism, Finesse, Duel


You were on level 2 of the Lair of Beasts.
You worshipped Okawaru.
Okawaru was exalted by your worship.
You visited 2 branches of the dungeon, and saw 12 of its levels.

You collected 614 gold pieces.


Innate Abilities, Weirdness & Mutations

You have very sharp teeth.
Your uncanny sense of smell can sniff out nearby items.
Your experience applies equally to all skills.


   Skills:
 + Level 9.8(14.8) Fighting
 + Level 7.2(12.2) Short Blades
 + Level 8.6(13.6) Long Blades
 + Level 7.2(12.2) Axes
 + Level 7.2(12.2) Maces & Flails
 + Level 7.2(12.2) Polearms
 + Level 7.2(12.2) Staves
 + Level 7.2(12.2) Slings
 + Level 7.2(12.2) Bows
 + Level 7.2(12.2) Crossbows
 + Level 7.2(12.2) Throwing
 + Level 9.8(14.8) Armour
 + Level 7.2(12.2) Dodging
 + Level 7.2(12.2) Stealth
 + Level 9.8(14.8) Shields
 + Level 7.2(12.2) Unarmed Combat
 + Level 7.2 Spellcasting
 + Level 6.0 Conjurations
 + Level 6.0 Hexes
 + Level 6.0 Summonings
 + Level 6.0 Necromancy
 + Level 6.0 Translocations
 + Level 6.0 Transmutations
 + Level 6.0 Fire Magic
 + Level 6.0 Ice Magic
 + Level 6.0 Air Magic
 + Level 6.0 Earth Magic
 + Level 6.0 Poison Magic
 + Level 7.9 Invocations
 + Level 7.2 Evocations


You had 18 spell levels left.
You knew the following spells:

 Your Spells              Type           Power      Damage    Failure   Level
a - Ozocubu's Armour      Ice            17%        N/A       6%          3
y - Poisonous Vapours     Pois/Air       34%        N/A       3%          2
Z - Corpse Rot            Necr/Air       34%        N/A       3%          2

Your spell library contained the following spells:

 Spells                   Type           Power      Damage    Failure   Level
 Magic Dart               Conj           68%        1d6       2%          1
 Pain                     Necr           68%        1d7       2%          1
 Searing Ray              Conj           34%        2d5       3%          2
 Gell's Gravitas          Tloc           17%        N/A       6%          3
 Lesser Beckoning         Tloc           17%        N/A       6%          3
 Mephitic Cloud           Conj/Pois/Air  17%        N/A       6%          3
 Teleport Other           Tloc           17%        N/A       6%          3
 Fulminant Prism          Conj/Hex       8%         3d7       22%         4
 Agony                    Necr           17%        N/A       52%         5
 Excruciating Wounds      Necr           8%         N/A       52%         5
 Metabolic Englaciation   Hex/Ice        8%         N/A       52%         5
 Call Imp                 Summ           Unusable   N/A       N/A         2
 Simulacrum               Ice/Necr       Unusable   N/A       N/A         6

Inventory:

Hand Weapons
 a - a +6 spectral battleaxe
 b - the +5 great mace of Defiance (weapon) {protect, rPois rN+}

   It grants its wielder temporary protection when it strikes (+7 to AC).
   rPois:     It protects you from poison.
   rN:        It protects you from negative energy.
Missiles
 G - 4 throwing nets (quivered) {=f}
 V - 2 curare-tipped darts {=f}
Armour
 c - a +0 buckler
 f - a +2 pair of boots of stealth (worn)
 j - a +0 helmet (worn)
 y - a +1 kite shield of poison resistance
 I - a +4 ring mail of willpower (worn)
 W - a +2 cloak (worn)
Magical Staves
 R - a staff of fire
 U - a staff of air
Jewellery
 k - a +6 ring of dexterity (right hand)
 o - a ring of fire
 F - an amulet of regeneration (around neck)
 J - a ring of poison resistance
 M - a ring of wizardry
 O - a ring of ice
 S - the ring "Yzxiagen" {Ice Will+}

   [ring of ice]

   It enhances your ice magic.
   rF:        It makes you vulnerable to fire.
   rC:        It protects you from cold.
   Will:      It increases your willpower.
 T - a ring of willpower
 X - a +4 ring of evasion (left hand)
Wands
 n - a wand of iceblast (8)
 v - a wand of polymorph (5)
 x - a wand of acid (14)
 D - a wand of mindburst (5)
 L - a wand of paralysis (2)
 N - a wand of digging (7)
 Q - a wand of flame (27)
Scrolls
 e - a scroll of holy word
 h - 5 scrolls of immolation {!r}
 m - 3 scrolls of teleportation {@r4}
 q - 8 scrolls of fog
 t - a scroll of blinking {unknown}
 u - 2 scrolls of vulnerability {!r}
 A - 3 scrolls of amnesia
 B - 2 scrolls of fear
 K - 5 scrolls of enchant armour
Potions
 d - a potion of might
 g - 5 potions of berserk rage {unknown}
 i - 3 potions of haste {unknown}
 l - a potion of resistance {unknown}
 r - a potion of attraction {unknown}
 s - 2 potions of lignification {unknown}
 w - a potion of flight {unknown}
 z - a potion of degeneration {unknown}
 C - 2 potions of heal wounds {unknown}
 E - 2 potions of ambrosia {unknown}
 H - a potion of magic {unknown}
 P - 2 potions of curing {@q1}
 Y - a potion of mutation {unknown}

Dungeon Overview and Level Annotations

Branches:
Dungeon (10/15)            Temple (0/1) D:4            Lair (2/6) D:8
  Swamp (0/4) Lair:2
  Snake: Lair:2-4    Spider: Lair:2-4       Orc: D:9-12

Altars:
Cheibriados
Dithmenos
Elyvilon
Okawaru
Ru
Trog
Wu Jian
Xom
Yredelemnul
Zin
The Shining One

Shops:
D:3 * D:8

( ∆.▒▒.w..P▒▒▒.
........▒....
.......#..P.
▒....##...P▒
▒....#≈≈...▒
▒...####≈#..
▒.nD♣#####.. .
▒..g♣#n##...
..▒▒[..n♣♣≈....
▒....>..).##..#.
▒..▒▒....▒▒..#..
▒. ▒....▒▒ ▒.▒.
▒ ▒▒.....▒▒ ▒ ..
▒P......▒ ...
▒▒.....▒▒ ▒.▒
▒.>....▒ ▒▒..


You could see a four-headed hydra, a torpor snail (wandering) and 2 bog bodies.


Message History

The four-headed hydra completely misses you.
The four-headed hydra completely misses you.
The bog body completely misses you.
You barely miss the four-headed hydra. You bite the four-headed hydra.
The four-headed hydra is almost dead.
The bog body touches you but does no damage.
The four-headed hydra bites you but does no damage.
The four-headed hydra closely misses you.
The four-headed hydra completely misses you.
The four-headed hydra closely misses you.
The bog body touches you but does no damage.
The bog body touches you but does no damage.
Unknown command.
You thump the four-headed hydra!
The four-headed hydra is almost dead.
The four-headed hydra bites you.
* * * LOW HITPOINT WARNING * * *
The four-headed hydra bites you!
* * * LOW HITPOINT WARNING * * *
The four-headed hydra closely misses you.
The four-headed hydra bites you.
* * * LOW HITPOINT WARNING * * *
The bog body touches you but does no damage.
A torpor snail comes into view.
Being near the torpor snail leaves you feeling lethargic.
The bog body touches you.
* * * LOW HITPOINT WARNING * * *
The bog body freezes you!
You die...

Action                   |  1- 3 |  4- 6 |  7- 9 | 10-12 || total
-------------------------+-------+-------+-------+-------++-------
Melee: Long sword        |   112 |   130 |   212 |       ||   454
       Bite              |     9 |    16 |    39 |    49 ||   113
       Great mace        |       |       |    95 |   335 ||   430
       Battleaxe         |       |       |       |    83 ||    83
 Fire: Hand crossbow     |       |     1 |       |       ||     1
Throw: Dart              |       |     2 |       |       ||     2
 Cast: Corpse Rot        |       |       |       |     1 ||     1
       Poisonous Vapours |       |       |       |     1 ||     1
Invok: Heroism           |       |       |     3 |    10 ||    13
Evoke: Wand              |       |       |     7 |     1 ||     8
  Use: Scroll            |       |       |       |    14 ||    14
 Stab: Sleeping          |       |       |     3 |     6 ||     9
       Distracted        |       |       |       |     1 ||     1
Armor: Scale mail        |    50 |    50 |    20 |       ||   120
       Ring mail         |       |       |   117 |   307 ||   424
Dodge: Dodged            |    42 |    57 |   165 |   477 ||   741
Block: Buckler           |    41 |    40 |    76 |       ||   157

Levels and vault maps discovered:
D:1:      scummos_arrival_forest, layout_loops_ring,
          nicolae_ecumenical_snake_handling
D:2:      layout_loops_ring, grunt_ministairs_8, st_stairs_1,
          hangedman_decor_diamond_cutter, minmay_pentomino_s4
D:3:      layout_loops_ring, mainiacjoe_overflow_catwalk, serial_shops, shop
D:4:      layout_rooms, minmay_temple_entry_wispy, uniq_robin, uniq_grinder
D:5:      layout_basic, okawaru_ov_weapons_minmay,
          nicolae_dithmenos_the_darkroom, mainiacjoe_overflow_24_doors,
          kennysheep_cross_bottleneck, uniq_ijyb, uniq_duvessa, uniq_pikel,
          uniq_prince_ribbit1
D:6:      layout_loops_corners, chequers_temple_overflow_statue_of_worship,
          nicolae_figureground_sparkle
D:7:      layout_loops_ring, minmay_misc_feat_plants, minmay_the_grid_2x2
          [minmay_the_grid_empty, minmay_the_grid_gridbox,
          minmay_the_grid_minigrid_medium,
          minmay_the_grid_prize_shrinking_boxes]
D:8:      layout_basic, xom_confusion_cloud, erik_lair_dragon, serial_shops,
          shop, gammafunk_ghost_grave, minivault_24
D:9:      layout_rooms, elyvilon_altar_3, grunt_ministairs_5, kb_rosetta
D:10:     layout_big_octagon, mainiacjoe_overflow_six_doors_small,
          mainiacjoe_overflow_concentric_impassable, lemuel_crystal_altar
Lair:1:   layout_long_grid, grunt_megastairs_4, infiniplex_staircase_pool_2
Lair:2:   minmay_guarded_unrand_snakebite, layout_gridlike,
          skrybe_swamp_entry_bodies, nicolae_spider_entry_orb_guardian

Notes
Turn   | Place    | Note
-------+----------+-------------------------------------------
     0 | D:1      | sanka the Gnoll Fighter began the quest for the Orb.
     0 | D:1      | Reached XP level 1. HP: 23/23 MP: 1/1
   119 | D:1      | Found a faded altar of an unknown god.
   143 | D:1      | Reached XP level 2. HP: 28/29 MP: 2/2
   758 | D:2      | Reached XP level 3. HP: 35/35 MP: 3/3
  1088 | D:2      | Reached skill level 1 in Invocations
  1464 | D:2      | Reached skill level 1 in Short Blades
  1464 | D:2      | Reached skill level 1 in Axes
  1464 | D:2      | Reached skill level 1 in Maces & Flails
  1464 | D:2      | Reached skill level 1 in Polearms
  1464 | D:2      | Reached skill level 1 in Staves
  1464 | D:2      | Reached skill level 1 in Slings
  1464 | D:2      | Reached skill level 1 in Bows
  1464 | D:2      | Reached skill level 1 in Crossbows
  1464 | D:2      | Reached skill level 1 in Throwing
  1464 | D:2      | Reached skill level 1 in Dodging
  1464 | D:2      | Reached skill level 1 in Stealth
  1464 | D:2      | Reached skill level 1 in Unarmed Combat
  1464 | D:2      | Reached skill level 1 in Spellcasting
  1464 | D:2      | Reached skill level 1 in Evocations
  1660 | D:3      | Found an ornate altar of the Wu Jian Council.
  1784 | D:3      | Reached XP level 4. HP: 36/41 MP: 5/5
  1855 | D:3      | Found Polakeg's Assorted Antiques.
  2375 | D:4      | Noticed an ogre
  2386 | D:4      | Killed an ogre
  2387 | D:4      | Reached skill level 1 in Conjurations
  2387 | D:4      | Reached skill level 1 in Hexes
  2387 | D:4      | Reached skill level 1 in Summonings
  2387 | D:4      | Reached skill level 1 in Necromancy
  2387 | D:4      | Reached skill level 1 in Translocations
  2387 | D:4      | Reached skill level 1 in Transmutations
  2387 | D:4      | Reached skill level 1 in Fire Magic
  2387 | D:4      | Reached skill level 1 in Ice Magic
  2387 | D:4      | Reached skill level 1 in Air Magic
  2387 | D:4      | Reached skill level 1 in Earth Magic
  2387 | D:4      | Reached skill level 1 in Poison Magic
  2387 | D:4      | Reached XP level 5. HP: 33/47 MP: 5/7
  2514 | D:4      | Noticed Grinder
  2593 | D:4      | Paralysed by Grinder for 3 turns
  2600 | D:4      | Paralysed by Grinder for 7 turns
  2788 | D:4      | Paralysed by Grinder for 7 turns
  2804 | D:4      | Paralysed by Grinder for 6 turns
  2816 | D:4      | Killed Grinder
  2817 | D:4      | Reached skill level 2 in Short Blades
  2817 | D:4      | Reached skill level 5 in Long Blades
  2817 | D:4      | Reached skill level 2 in Axes
  2817 | D:4      | Reached skill level 2 in Maces & Flails
  2817 | D:4      | Reached skill level 2 in Polearms
  2817 | D:4      | Reached skill level 2 in Staves
  2817 | D:4      | Reached skill level 2 in Slings
  2817 | D:4      | Reached skill level 2 in Bows
  2817 | D:4      | Reached skill level 2 in Crossbows
  2817 | D:4      | Reached skill level 2 in Throwing
  2817 | D:4      | Reached skill level 2 in Dodging
  2817 | D:4      | Reached skill level 2 in Stealth
  2817 | D:4      | Reached skill level 2 in Unarmed Combat
  2817 | D:4      | Reached skill level 2 in Spellcasting
  2817 | D:4      | Reached skill level 2 in Invocations
  2817 | D:4      | Reached skill level 2 in Evocations
  2817 | D:4      | Reached XP level 6. HP: 26/53 MP: 7/9
  2994 | D:4      | Noticed Robin
  3003 | D:4      | Killed Robin
  3226 | D:4      | Found a staircase to the Ecumenical Temple.
  3248 | D:4      | Reached XP level 7. HP: 52/59 MP: 10/10
  3491 | D:5      | Entered Level 5 of the Dungeon
  3511 | D:5      | Reached skill level 7 in Fighting
  3511 | D:5      | Reached skill level 7 in Armour
  3511 | D:5      | Reached skill level 7 in Shields
  3546 | D:5      | Noticed Pikel
  3554 | D:5      | Noticed Pikel
  3554 | D:5      | Pikel changed into Pikel the rime drake
  3564 | D:5      | Killed Pikel the rime drake
  3565 | D:5      | Reached skill level 2 in Conjurations
  3565 | D:5      | Reached skill level 2 in Hexes
  3565 | D:5      | Reached skill level 2 in Summonings
  3565 | D:5      | Reached skill level 2 in Necromancy
  3565 | D:5      | Reached skill level 2 in Translocations
  3565 | D:5      | Reached skill level 2 in Transmutations
  3565 | D:5      | Reached skill level 2 in Fire Magic
  3565 | D:5      | Reached skill level 2 in Ice Magic
  3565 | D:5      | Reached skill level 2 in Air Magic
  3565 | D:5      | Reached skill level 2 in Earth Magic
  3565 | D:5      | Reached skill level 2 in Poison Magic
  3565 | D:5      | Reached skill level 3 in Invocations
  3769 | D:5      | Noticed Dowan
  3769 | D:5      | Noticed Duvessa
  3792 | D:5      | Killed Duvessa
  3793 | D:5      | Reached XP level 8. HP: 20/60 MP: 12/12
  3819 | D:5      | Killed Dowan
  3822 | D:5      | Reached skill level 3 in Short Blades
  3822 | D:5      | Reached skill level 3 in Axes
  3822 | D:5      | Reached skill level 3 in Maces & Flails
  3822 | D:5      | Reached skill level 3 in Polearms
  3822 | D:5      | Reached skill level 3 in Staves
  3822 | D:5      | Reached skill level 3 in Slings
  3822 | D:5      | Reached skill level 3 in Bows
  3822 | D:5      | Reached skill level 3 in Crossbows
  3822 | D:5      | Reached skill level 3 in Throwing
  3822 | D:5      | Reached skill level 3 in Dodging
  3822 | D:5      | Reached skill level 3 in Stealth
  3822 | D:5      | Reached skill level 3 in Unarmed Combat
  3822 | D:5      | Reached skill level 3 in Spellcasting
  3822 | D:5      | Reached skill level 3 in Evocations
  4018 | D:5      | Found an iron altar of Okawaru.
  4040 | D:5      | Became a worshipper of Warmaster Okawaru
  4069 | D:5      | Found a glowing silver altar of Zin.
  4167 | D:5      | Found a shadowy altar of Dithmenos.
  4174 | D:5      | Noticed Prince Ribbit
  4209 | D:5      | Killed Prince Ribbit
  4218 | D:5      | Reached * piety under Okawaru
  4351 | D:5      | Noticed Ijyb
  4351 | D:5      | Paralysed by Ijyb for 2 turns
  4359 | D:5      | Killed Ijyb
  4637 | D:6      | Reached skill level 3 in Conjurations
  4637 | D:6      | Reached skill level 3 in Hexes
  4637 | D:6      | Reached skill level 3 in Summonings
  4637 | D:6      | Reached skill level 3 in Necromancy
  4637 | D:6      | Reached skill level 3 in Translocations
  4637 | D:6      | Reached skill level 3 in Transmutations
  4637 | D:6      | Reached skill level 3 in Fire Magic
  4637 | D:6      | Reached skill level 3 in Ice Magic
  4637 | D:6      | Reached skill level 3 in Air Magic
  4637 | D:6      | Reached skill level 3 in Earth Magic
  4637 | D:6      | Reached skill level 3 in Poison Magic
  4637 | D:6      | Reached skill level 4 in Invocations
  4743 | D:6      | Reached skill level 6 in Long Blades
  4743 | D:6      | Reached XP level 9. HP: 72/72 MP: 14/14
  4940 | D:6      | Reached skill level 4 in Short Blades
  4940 | D:6      | Reached skill level 4 in Axes
  4940 | D:6      | Reached skill level 4 in Maces & Flails
  4940 | D:6      | Reached skill level 4 in Polearms
  4940 | D:6      | Reached skill level 4 in Staves
  4940 | D:6      | Reached skill level 4 in Slings
  4940 | D:6      | Reached skill level 4 in Bows
  4940 | D:6      | Reached skill level 4 in Crossbows
  4940 | D:6      | Reached skill level 4 in Throwing
  4940 | D:6      | Reached skill level 4 in Dodging
  4940 | D:6      | Reached skill level 4 in Stealth
  4940 | D:6      | Reached skill level 4 in Unarmed Combat
  4940 | D:6      | Reached skill level 4 in Spellcasting
  4940 | D:6      | Reached skill level 4 in Evocations
  5320 | D:6      | Found a bloodstained altar of Trog.
  5321 | D:6      | Found a basalt altar of Yredelemnul.
  5601 | D:7      | Identified the +5 great mace of Defiance {protect, rPois
                  | rN+}
  5748 | D:7      | Reached ** piety under Okawaru
  5950 | D:7      | Reached skill level 8 in Fighting
  5950 | D:7      | Reached skill level 8 in Armour
  5950 | D:7      | Reached skill level 8 in Shields
  5972 | D:7      | Reached skill level 5 in Invocations
  6041 | D:7      | Noticed a two-headed ogre
  6041 | D:7      | Noticed a kobold demonologist
  6048 | D:7      | Killed a two-headed ogre
  6048 | D:7      | Reached *** piety under Okawaru
  6049 | D:7      | Reached skill level 5 in Short Blades
  6049 | D:7      | Reached skill level 5 in Axes
  6049 | D:7      | Reached skill level 5 in Maces & Flails
  6049 | D:7      | Reached skill level 5 in Polearms
  6049 | D:7      | Reached skill level 5 in Staves
  6049 | D:7      | Reached skill level 5 in Slings
  6049 | D:7      | Reached skill level 5 in Bows
  6049 | D:7      | Reached skill level 5 in Crossbows
  6049 | D:7      | Reached skill level 5 in Throwing
  6049 | D:7      | Reached skill level 5 in Dodging
  6049 | D:7      | Reached skill level 5 in Stealth
  6049 | D:7      | Reached skill level 5 in Unarmed Combat
  6049 | D:7      | Reached skill level 5 in Spellcasting
  6049 | D:7      | Reached skill level 4 in Conjurations
  6049 | D:7      | Reached skill level 4 in Hexes
  6049 | D:7      | Reached skill level 4 in Summonings
  6049 | D:7      | Reached skill level 4 in Necromancy
  6049 | D:7      | Reached skill level 4 in Translocations
  6049 | D:7      | Reached skill level 4 in Transmutations
  6049 | D:7      | Reached skill level 4 in Fire Magic
  6049 | D:7      | Reached skill level 4 in Ice Magic
  6049 | D:7      | Reached skill level 4 in Air Magic
  6049 | D:7      | Reached skill level 4 in Earth Magic
  6049 | D:7      | Reached skill level 4 in Poison Magic
  6049 | D:7      | Reached skill level 5 in Evocations
  6049 | D:7      | Reached XP level 10. HP: 61/81 MP: 15/17
  6056 | D:7      | Killed a kobold demonologist
  6059 | D:7      | Noticed a deep elf pyromancer
  6060 | D:7      | Reached skill level 7 in Long Blades
  6066 | D:7      | Killed a deep elf pyromancer
  6391 | D:7      | Identified the +3 spear "Killer Bee's Peril" {venom, rF+
                  | rC- rN+}
  6391 | D:7      | Identified the ring "Yzxiagen" {Ice Will+}
  6391 | D:7      | Identified the +2 great mace of the Bruised Beasts {flame,
                  | rC+ Will- Dex+7}
  6822 | D:8      | Reached **** piety under Okawaru
  6823 | D:8      | Reached skill level 6 in Invocations
  6901 | D:8      | Noticed a cyclops
  6902 | D:8      | Received a gift from Okawaru
  6907 | D:8      | Killed a cyclops
  6922 | D:8      | Found a shimmering altar of Xom.
  7282 | D:8      | Found a runed translucent door.
  7282 | D:8      | Noticed Verendum's ghost (novice OpMo)
  7287 | D:8      | Found Hoale's Weapon Shoppe.
  7322 | D:8      | Received a gift from Okawaru
  7398 | D:8      | Identified +0 steam dragon scales
  7623 | D:8      | Reached XP level 11. HP: 72/87 MP: 19/19
  7940 | D:8      | Reached skill level 9 in Fighting
  7940 | D:8      | Reached skill level 6 in Short Blades
  7940 | D:8      | Reached skill level 6 in Axes
  7940 | D:8      | Reached skill level 6 in Maces & Flails
  7940 | D:8      | Reached skill level 6 in Polearms
  7940 | D:8      | Reached skill level 6 in Staves
  7940 | D:8      | Reached skill level 6 in Slings
  7940 | D:8      | Reached skill level 6 in Bows
  7940 | D:8      | Reached skill level 6 in Crossbows
  7940 | D:8      | Reached skill level 6 in Throwing
  7940 | D:8      | Reached skill level 9 in Armour
  7940 | D:8      | Reached skill level 6 in Dodging
  7940 | D:8      | Reached skill level 6 in Stealth
  7940 | D:8      | Reached skill level 9 in Shields
  7940 | D:8      | Reached skill level 6 in Unarmed Combat
  7940 | D:8      | Reached skill level 6 in Spellcasting
  7940 | D:8      | Reached skill level 6 in Evocations
  7991 | D:8      | Found a staircase to the Lair.
  8158 | D:8      | Killed Verendum's ghost
  8159 | D:8      | Reached skill level 5 in Conjurations
  8159 | D:8      | Reached skill level 5 in Hexes
  8159 | D:8      | Reached skill level 5 in Summonings
  8159 | D:8      | Reached skill level 5 in Necromancy
  8159 | D:8      | Reached skill level 5 in Translocations
  8159 | D:8      | Reached skill level 5 in Transmutations
  8159 | D:8      | Reached skill level 5 in Fire Magic
  8159 | D:8      | Reached skill level 5 in Ice Magic
  8159 | D:8      | Reached skill level 5 in Air Magic
  8159 | D:8      | Reached skill level 5 in Earth Magic
  8159 | D:8      | Reached skill level 5 in Poison Magic
  8293 | D:9      | Learned a level 2 spell: Corpse Rot
  8296 | D:9      | Learned a level 2 spell: Poisonous Vapours
  8300 | D:9      | Learned a level 3 spell: Ozocubu's Armour
  8347 | D:9      | Identified a +2 robe of resistance
  8412 | D:9      | Reached ***** piety under Okawaru
  8481 | D:9      | Noticed a tengu warrior
  8498 | D:9      | Killed a tengu warrior
  8515 | D:9      | Noticed a two-headed ogre
  8536 | D:9      | Killed a two-headed ogre
  8537 | D:9      | Reached skill level 7 in Invocations
  8603 | D:9      | Noticed a tengu warrior
  8620 | D:9      | Reached skill level 8 in Long Blades
  8638 | D:9      | Killed a tengu warrior
  8831 | D:9      | Found a white marble altar of Elyvilon.
  8958 | D:9      | Noticed a two-headed ogre
  8964 | D:9      | Killed a two-headed ogre
  9161 | D:10     | Entered Level 10 of the Dungeon
  9173 | D:10     | Received a gift from Okawaru
  9177 | D:10     | Noticed a sun demon
  9194 | D:10     | Reached XP level 12. HP: 12/96 MP: 19/22
  9296 | D:10     | Identified a scroll of acquirement
  9297 | D:10     | Acquired a +2 pair of boots of stealth
  9312 | D:10     | Found a snail-covered altar of Cheibriados.
  9330 | D:10     | Found a sacrificial altar of Ru.
  9423 | D:10     | Found a glowing golden altar of the Shining One.
  9811 | Lair:1   | Entered Level 1 of the Lair of Beasts
  9817 | Lair:1   | Reached skill level 7 in Short Blades
  9817 | Lair:1   | Reached skill level 7 in Axes
  9817 | Lair:1   | Reached skill level 7 in Maces & Flails
  9817 | Lair:1   | Reached skill level 7 in Polearms
  9817 | Lair:1   | Reached skill level 7 in Staves
  9817 | Lair:1   | Reached skill level 7 in Slings
  9817 | Lair:1   | Reached skill level 7 in Bows
  9817 | Lair:1   | Reached skill level 7 in Crossbows
  9817 | Lair:1   | Reached skill level 7 in Throwing
  9817 | Lair:1   | Reached skill level 7 in Dodging
  9817 | Lair:1   | Reached skill level 7 in Stealth
  9817 | Lair:1   | Reached skill level 7 in Unarmed Combat
  9817 | Lair:1   | Reached skill level 7 in Spellcasting
  9817 | Lair:1   | Reached skill level 7 in Evocations
 10197 | Lair:2   | Reached ****** piety under Okawaru
 10198 | Lair:2   | Reached skill level 6 in Conjurations
 10198 | Lair:2   | Reached skill level 6 in Hexes
 10198 | Lair:2   | Reached skill level 6 in Summonings
 10198 | Lair:2   | Reached skill level 6 in Necromancy
 10198 | Lair:2   | Reached skill level 6 in Translocations
 10198 | Lair:2   | Reached skill level 6 in Transmutations
 10198 | Lair:2   | Reached skill level 6 in Fire Magic
 10198 | Lair:2   | Reached skill level 6 in Ice Magic
 10198 | Lair:2   | Reached skill level 6 in Air Magic
 10198 | Lair:2   | Reached skill level 6 in Earth Magic
 10198 | Lair:2   | Reached skill level 6 in Poison Magic
 10214 | Lair:2   | Noticed a four-headed hydra
 10216 | Lair:2   | Found a staircase to the Swamp.
 10217 | Lair:2   | Identified the +3 rapier of Qeisuogi {venom, Dex+3}
                  | (Okawaru gifted it to you on level 2 of the Lair of Beasts)
 10217 | Lair:2   | Received a gift from Okawaru
 10228 | Lair:2   | Slain by a bog body

Vanquished Creatures
  3 two-headed ogres
  2 tengu warriors (D:9)
  The ghost of Verendum the Martial Artist, a novice OpMo (D:8)
  A deep elf pyromancer (D:7)
  3 cane toads (Lair:2)
  A rime drake (D:5)
  4 kobold demonologists
  An efreet (D:9)
  A komodo dragon (D:8)
  3 trolls
  Prince Ribbit (D:5)
  Grinder (D:4)
  A slime creature (D:7)
  A vampire (D:7)
  3 wyverns (D:8)
  12 yaks
  2 basilisks
  A steam dragon (D:8)
  2 water moccasins (Lair:2)
  Duvessa (D:5)
  A swamp drake (D:8)
  A hornet zombie (D:8)
  An orc warrior (D:8)
  A sky beast (D:7)
  2 ice beasts
  A necrophage (D:6)
  4 ogres
  4 centaurs
  A black bear (D:7)
  8 wolves (Lair:1)
  A lemure (D:5)
  A phantom (D:4)
  2 gnoll sergeants (D:8)
  5 kobold brigands
  5 bullfrogs
  A scorpion (D:6)
  A water moccasin zombie (D:5)
  Dowan (D:5)
  25 wights
  4 electric eels (D:10)
  3 howler monkeys (D:10)
  2 centaur zombies
  A jelly (D:6)
  A gnoll shaman (D:9)
  3 orc priests
  Ijyb (D:5)
  3 bullfrog skeletons
  5 iguanas
  6 orc wizards
  4 hell rats (Lair:1)
  3 killer bee zombies
  3 hound skeletons
  Robin (D:4)
  15 gnolls
  3 adders
  2 white imps
  2 adder skeletons (D:5)
  2 worms
  A dart slug (D:2)
  22 orcs
  2 bats
  7 endoplasms
  6 giant cockroaches
  14 goblins
  3 hobgoblins
  9 jackals
  2 quokkas
  12 ball pythons
  3 frilled lizards
  A jackal skeleton (D:4)
  18 kobolds
  4 rats
279 creatures vanquished.

Vanquished Creatures (others)
  A cyclops (D:8)
  2 centaurs (D:8)
  A kobold brigand (D:10)
  An orc priest (D:8)
  An orc wizard (D:8)
  A fungus (Lair:2)
  2 plants
9 creatures vanquished.

Grand Total: 288 creatures vanquished
